 Dungeon Crawl Stone Soup version 0.27.0-1-g7a089689b8 (webtiles) character file.

Game seed: 9042875568036878226

34 Crownlay the Chopper (level 3, -1/31 HPs)
             Began as a Hill Orc Fighter on Aug 13, 2021.
             Killed from afar by Sigmund (3 damage)
             ... with a puff of flame
             ... on level 2 of the Dungeon.
             The game lasted 00:01:08 (1333 turns).

Crownlay the Chopper (Hill Orc Fighter)             Turns: 1333, Time: 00:01:08

Health: -1/31      AC:  6    Str: 19    XL:     3   Next: 31%
Magic:  3/3        EV:  9    Int:  8    God:
Gold:   33         SH:  0    Dex: 10    Spells: 2/2 levels left

rFire    . . .     SeeInvis .   a - +0 war axe
rCold    . . .     Faith    .   (no shield)
rNeg     . . .     Spirit   .   b - +0 scale mail
rPois    .         Reflect  .   (no helmet)
rElec    .         Harm     .   (no cloak)
rCorr    .         Rampage  .   (no gloves)
Will     .....                  (no boots)
Stlth    ..........             (no amulet)
HPRegen  0.10/turn              (no ring)
MPRegen  0.08/turn              (no ring)

@: confused, mighty
A: no striking features
a: no special abilities


You were on level 2 of the Dungeon.
You visited 1 branch of the dungeon, and saw 2 of its levels.

You collected 33 gold pieces.

Inventory:

Hand Weapons
 a - a +0 war axe (weapon)
Armour
 b - a +0 scale mail (worn)
 c - a +0 kite shield
Wands
 i - a wand of iceblast (3)
Scrolls
 e - a scroll of identify {unknown}
 f - a scroll of fog {unknown}
Potions
 g - a potion of ambrosia {unknown}
 h - a potion of haste {unknown}


   Skills:
 - Level 3.6 Fighting
 + Level 4.9 Axes
 - Level 3.2 Armour
 - Level 3.2 Shields


You had 2 spell levels left.
You didn't know any spells.
Your spell library contained the following spells:

 Spells                   Type           Power      Damage    Failure   Level
 Shock                    Conj/Air       0%         1d3       77%         1
 Swiftness                Air            0%         N/A       98%         3
 Airstrike                Air            0%         N/A       100%        4


Dungeon Overview and Level Annotations

Branches:
Dungeon (2/15)

Altars:

Annotations:
D:2 Sigmund


Message History

No target in view!
No target in view!
No target in view!
Found a stone staircase leading up.
No target in view!
There is a stone staircase leading up here.
Sigmund the Dreaded comes into view.
He is wielding a +0 scythe.
Sigmund shouts!
Found a silvery potion.
Sigmund closely misses you.
Sorry, you're not good enough to have a special ability.
You feel very mighty all of a sudden. Sigmund closely misses you.
Sigmund closely misses you.
Found a scroll labelled WUCUITIRPHYI.
You slash Sigmund!
Sigmund is moderately wounded.
Sigmund barely misses you.
You completely miss Sigmund.
Sigmund is moderately wounded.
Sigmund screams, "Die, monster!"
Sigmund hits you with a +0 scythe! x2
You slice Sigmund!!
Sigmund is almost dead.
Sigmund casts a spell at you.
You are confused.
You bump into the rock wall.
Sigmund mumbles some strange words.
Sigmund flickers and vanishes!
Deactivating autopickup; reactivate with Ctrl-A.
You closely miss something.
You hear some strange, mumbled words.
A puff of flame appears from out of thin air!
The puff of flame hits you!
* * * LOW HITPOINT WARNING * * *
You barely miss something.
You hear some strange, mumbled words.
A puff of flame appears from out of thin air!
The puff of flame hits you.
You die...

#................##.###
#.###.###.#<....##.## #
#.###.# ##...##.##
#<....# ###+####.## #
#.##### .# ##.###
#.#######.# ##.#.
#.........##.. ##.#
#.####........ #.# #.#
#@####.!. #.# #.# #{#
#.# #.# #.# #.# #.. ...
..# ### #.# ### #.# #.#
#.?


There were no monsters in sight!

Vanquished Creatures
  3 endoplasms (D:1)
  A giant cockroach (D:1)
  A goblin (D:1)
  4 hobgoblins (D:1)
  4 jackals (D:1)
  3 kobolds (D:1)
  3 quokkas (D:1)
  3 ball pythons (D:1)
  4 bats (D:1)
  2 frilled lizards
  2 rats (D:1)
30 creatures vanquished.

Notes
Turn   | Place    | Note
-------+----------+-------------------------------------------
     0 | D:1      | Crownlay the Hill Orc Fighter began the quest for the Orb.
     0 | D:1      | Reached XP level 1. HP: 19/19 MP: 1/1
    44 | D:1      | Reached skill level 3 in Axes
   175 | D:1      | Reached XP level 2. HP: 18/26 MP: 2/2
   328 | D:1      | Reached skill level 4 in Axes
   869 | D:1      | Reached XP level 3. HP: 21/31 MP: 3/3
  1324 | D:2      | Noticed Sigmund
  1333 | D:2      | Killed from afar by Sigmund

Illustrated notes

Levels and vault maps discovered:
D:1:      dpeg_arrival_connections, layout_basic
D:2:      layout_loops_corners, basic_altar, minmay_door_square,
          uniq_crazy_yiuf_cottage, uniq_natasha, uniq_sigmund

Skill      XL: |  1  2 |
---------------+-------+-----
Axes           | 3 4 |  4.9
Fighting       | |  3.6
Armour         | |  3.2
Shields        | |  3.2

Action                   || total
-------------------------++-------
Melee: War axe           ||    91
  Use: Potion            ||     1
Armor: Scale mail        ||    44
Dodge: Dodged            ||    43
Block: Kite shield       ||    19
